[Event "Early-Titled-Tuesday-Blitz-January-30-2024"]
[Site "Chess.com"]
[Date "2024.01.30"]
[Round "11"]
[White "deepfear"]
[Black "nikitadovbnya2008"]
[Result "1-0"]
[WhiteElo "1964"]
[BlackElo "2106"]
[TimeControl "180+1"]
[EndTime "10:08:15 PST"]
[Termination "deepfear won by resignation"]

1. e4 e5 2. Nf3 Nc6 3. d4 exd4 4. Nxd4 Nf6 5. Nxc6 bxc6 6. e5 Qe7 7. Qe2 Nd5 8. h4 g6 9. Bg5 Qb4+ 10. c3 Qb6 11. Rh3 Bc5 12. b4 Be7 13. Bh6 Ba6 14. Qxa6 1-0

[Event "Early-Titled-Tuesday-Blitz-January-30-2024"]
[Site "Chess.com"]
[Date "2024.01.30"]
[Round "11"]
[White "dianamirza"]
[Black "kai_nov"]
[Result "0-1"]
[WhiteElo "1983"]
[BlackElo "2234"]
[TimeControl "180+1"]
[EndTime "10:08:16 PST"]
[Termination "kai_nov won by resignation"]

1. e4 c5 2. Nf3 Nc6 3. d4 cxd4 4. Nxd4 e5 5. Nxc6 bxc6 6. Nc3 Nf6 7. Bd3 Bb4 8. O-O O-O 9. Bd2 d5 10. exd5 cxd5 11.
a3 Bxc3 12. Bxc3 d4 13. Bb4 Re8 14. Re1 Bd7 15. Qf3 Rc8 16. Bd6 Bc6 17. Be4 Bxe4 18. Rxe4 Qxd6 19. Rae1 Nxe4 0-1

[Event "Early-Titled-Tuesday-Blitz-January-30-2024"]
[Site "Chess.com"]
[Date "2024.01.30"]
[Round "11"]
[White "ansko1999"]
[Black "ural58"]
[Result "1-0"]
[WhiteElo "2667"]
[BlackElo "2452"]
[TimeControl "180+1"]
[EndTime "10:08:51 PST"]
[Termination "ansko1999 won by resignation"]

1. e3 b6 2. d4 Bb7 3. c4 e6 4. a3 f5 5. Nc3 Nf6 6. f3 Be7 7. d5 exd5 8. cxd5 Bc5 9. Bd3 O-O 10. Nge2 Qe7 11. Bc4 d6 12. Nd4 a6 13. b4 Bxd4 14. Qxd4 c5 15. dxc6+ d5 16. cxb7 1-0

[Event "Early-Titled-Tuesday-Blitz-January-30-2024"]
[Site "Chess.com"]
[Date "2024.01.30"]
[Round "11"]
[White "stratacticos"]
[Black "hmatyi07"]
[Result "1-0"]
[WhiteElo "2069"]
[BlackElo "2189"]
[TimeControl "180+1"]
[EndTime "10:08:54 PST"]
[Termination "stratacticos won by resignation"]

1. e4 c5 2. Nf3 e6 3. g3 d5 4.
exd5 exd5 5. Bg2 d4 6. O-O Be7 7. c3 dxc3 8. dxc3 Qb6 9. Na3 Be6 10. Ng5 Bxg5 11. Bxg5 Nd7 12. Qe2 h6 13. Nc4 Qa6 14. Bxb7 Qxc4 15. Qxc4 Bxc4 16. Rfe1+ Kf8 17. Bxa8 hxg5 18.
Rad1 Ngf6 19. Bc6 Nb6 20. Rd8+ 1-0

[Event "Early-Titled-Tuesday-Blitz-January-30-2024"]
[Site "Chess.com"]
[Date "2024.01.30"]
[Round "11"]
[White "Hovik_Hayrapetyan"]
[Black "DenLaz"]
[Result "0-1"]
[WhiteElo "2782"]
[BlackElo "3040"]
[TimeControl "180+1"]
[EndTime "10:09:03 PST"]
[Termination "DenLaz won by resignation"]

1. d4 Nf6 2. c4 e6 3. Nc3 Bb4 4.
e3 O-O 5. Bd3 c5 6. Nf3 d5 7.
O-O Nc6 8. a3 Bxc3 9. bxc3 dxc4 10. Bxc4 Qc7 11. Be2 Rd8 12. Qc2 e5 13. dxe5 Nxe5 14. Nxe5 Qxe5 15. f3 Nd5 16. e4 Qxc3 17.
Qa2 Qd4+ 18. Kh1 Nc3 19. Qc2 Nxe2 20. Bb2 Qe3 21. Rfe1 Rd2 22. Rad1 Ng3+ 23. hxg3 Qxe1+ 24. Rxe1 Rxc2 25. Rd1 Be6 0-1

[Event "Early-Titled-Tuesday-Blitz-January-30-2024"]
[Site "Chess.com"]
[Date "2024.01.30"]
[Round "11"]
[White "Djager97"]
[Black "Agibileg"]
[Result "1-0"]
[WhiteElo "2580"]
[BlackElo "2746"]
[TimeControl "180+1"]
[EndTime "10:09:05 PST"]
[Termination "Djager97 won by checkmate"]

1. e4 e5 2. Nf3 Nc6 3. d4 exd4 4.
Nxd4 Nf6 5. Nxc6 bxc6 6. e5 Qe7 7. Qe2 Nd5 8. c4 Ba6 9. b3 g5 10. Bb2 Bg7 11. g3 O-O-O 12. Bg2 Rde8 13. O-O h5 14.
Qd2 Nf4 15. gxf4 gxf4 16. Bf3 h4 17. Kh1 h3 18. Nc3 Bxe5 19. Rae1 f6 20. Na4 Bb7 21. Qa5 Kb8 22. Nc5 Ba8 23. Na6+ Kb7 24. Bxe5 fxe5 25.
Nxc7 Reg8 26. Na6 Qd6 27. Rd1 Qe6 28. Qb5+ Kc8 29. Qb8# 1-0

[Event "Early-Titled-Tuesday-Blitz-January-30-2024"]
[Site "Chess.com"]
[Date "2024.01.30"]
[Round "11"]
[White "Harry_Rakkel"]
[Black "Flaccidmoves"]
[Result "1-0"]
[WhiteElo "2688"]
[BlackElo "2458"]
[TimeControl "180+1"]
[EndTime "10:09:06 PST"]
[Termination "Harry_Rakkel won by resignation"]

1. e4 d6 2. d4 Nf6 3. Nc3 e5 4. Nge2 Be7 5. h3 O-O 6. Be3 Re8 7. g4 exd4 8. Nxd4 Bf8 9. Bg2 Nc6 10. Nde2 g6 11.
O-O Bg7 12. Qd2 Ne5 13. b3 Nfxg4 14. hxg4 Nxg4 15. Bf4 Be6 16. f3 Ne5 17. Rad1 f5 18. Nd4 Bd7 19. exf5 gxf5 20. Bg5 Bf6 21. Bxf6 Qxf6 22. Nd5 Qg7 23. Nxc7 Bc6 24. Nxa8 1-0

[Event "Early-Titled-Tuesday-Blitz-January-30-2024"]
[Site "Chess.com"]
[Date "2024.01.30"]
[Round "11"]
[White "gahryman"]
[Black "RantomOpening"]
[Result "1-0"]
[WhiteElo "2676"]
[BlackElo "2538"]
[TimeControl "180+1"]
[EndTime "10:09:09 PST"]
[Termination "gahryman won by resignation"]

1. e4 c5 2. Nf3 e6 3. d3 Nc6 4. g3 d5 5. Nbd2 Nf6 6. Bg2 Be7 7. O-O O-O 8. Re1 b5 9. e5 Nd7 10. Nf1 Bb7 11. h4 d4 12. Bf4 Nb6 13. N1h2 Nd5 14. Bd2 c4 15. Ng5 c3 16. bxc3 dxc3 17.
Bc1 h6 18. Qh5 Ncb4 19. Ng4 hxg5 20. hxg5 Nxc2 21. Be4 g6 22. Bxg6 fxg6 23. Qxg6+ Kh8 24. Qh6+ Kg8 25. g6 Rf7 26. gxf7+ Kxf7 27. Qh5+ Kg8 28.
Nh6+ Kh7 29. Nf7+ 1-0

[Event "Early-Titled-Tuesday-Blitz-January-30-2024"]
[Site "Chess.com"]
[Date "2024.01.30"]
[Round "11"]
[White "UnTucopalaTimba"]
[Black "mertfelin"]
[Result "0-1"]
[WhiteElo "1945"]
[BlackElo "2276"]
[TimeControl "180+1"]
[EndTime "10:09:09 PST"]
[Termination "mertfelin won by resignation"]

1. e4 e5 2. Nf3 Nc6 3. Bb5 a6 4. Ba4 Nf6 5. O-O d6 6. Re1 Bd7 7. c3 g6 8. d4 Bg7 9. d5 Ne7 10.
Bxd7+ Nxd7 11. c4 O-O 12. Nc3 h6 13. b4 f5 14. exf5 gxf5 15. Nh4 Qe8 16. Re3 Nf6 17. f4 Ng4 18. Rg3 exf4 19. Bxf4 Qh5 20. h3 Qxh4 21. hxg4 Ng6 22. Rh3 Qxg4 23. Qxg4 fxg4 24.
Bxh6 gxh3 25. Bxg7 Kxg7 26. gxh3 Rf3 0-1

[Event "Early-Titled-Tuesday-Blitz-January-30-2024"]
[Site "Chess.com"]
[Date "2024.01.30"]
[Round "11"]
[White "HanSchut"]
[Black "eightbyeightchess"]
[Result "1-0"]
[WhiteElo "2256"]
[BlackElo "2382"]
[TimeControl "180+1"]
[EndTime "10:09:16 PST"]
[Termination "HanSchut won by resignation"]

1. e4 e6 2. d4 d5 3. e5 c5 4. c3 Qb6 5. Nf3 Bd7 6. Bd3 cxd4 7. cxd4 Bb5 8. Nc3 Bxd3 9. Qxd3 Nc6 10. O-O Nge7 11. Rd1 Nf5 12. g4 Nh6 13. h3 Be7 14. Rb1 O-O 15. Be3 Rac8 16. Qd2 f6 17. Bxh6 gxh6 18.
Qxh6 fxe5 19. Qxe6+ Kh8 20. Nxd5 Qd8 21. Nxe5 Nxe5 22.
Qxe5+ Bf6 23. Nxf6 Rxf6 24. g5 1-0

[Event "Early-Titled-Tuesday-Blitz-January-30-2024"]
[Site "Chess.com"]
[Date "2024.01.30"]
[Round "11"]
[White "thesupera12"]
[Black "manitodeplomo"]
[Result "0-1"]
[WhiteElo "2537"]
[BlackElo "2686"]
[TimeControl "180+1"]
[EndTime "10:09:17 PST"]
[Termination "manitodeplomo won by resignation"]

1. d4 g6 2. Nf3 Bg7 3. c4 d6 4. Nc3 Nf6 5. b3 O-O 6. Bb2 c5 7. dxc5 dxc5 8. Qxd8 Rxd8 9. e3 Nc6 10. Be2 Bf5 11. O-O Ne4 12. Rac1 Nb4 13. a3 Nxc3 14. Bxc3 Na2 15. Bxg7 Nxc1 16. Rxc1 Kxg7 17. b4 b6 18. Ne5 Be4 19. f3 f6 20. Ng4 Bf5 21. Kf2 Bxg4 22. fxg4 cxb4 23. axb4 a5 24. c5 axb4 25. cxb6 Rab8 26.
Rc7 Rxb6 27. Rxe7+ Kf8 28. Rxh7 b3 29. Bc4 b2 30. Rf7+ Ke8 31. Ba2 b1=Q 32. Bxb1 Kxf7 0-1

[Event "Early-Titled-Tuesday-Blitz-January-30-2024"]
[Site "Chess.com"]
[Date "2024.01.30"]
[Round "11"]
[White "IngOscarArdila"]
[Black "Cambek64"]
[Result "0-1"]
[WhiteElo "2334"]
[BlackElo "2504"]
[TimeControl "180+1"]
[EndTime "10:09:17 PST"]
[Termination "Cambek64 won by resignation"]

1. d4 Nf6 2. c4 g6 3. Nf3 Bg7 4. e3 O-O 5. Nc3 d6 6. Be2 Nbd7 7. O-O e5 8. Qc2 Re8 9. dxe5 dxe5 10. Rd1 c6 11. b3 Qc7 12. Ba3 Bf8 13. Bxf8 Nxf8 14. c5 Bf5 15. Qb2 Ne6 16. b4 h5 17. Bc4 Bg4 18. Be2 Re7 19. h3 Bxf3 20. Bxf3 Ng5 21. Be2 h4 22. Rd2 Rae8 23. Rad1 Qc8 24. Rd6 Nfh7 25. Ne4 Nxe4 26. Qc2 Nxd6 27. Rxd6 Re6 28. Bg4 f5 29. Be2 Rxd6 30. cxd6 Qd7 31. Qc5 b6 32. Bc4+ Kg7 0-1

[Event "Early-Titled-Tuesday-Blitz-January-30-2024"]
[Site "Chess.com"]
[Date "2024.01.30"]
[Round "11"]
[White "HelvertHernandez"]
[Black "Darius321"]
[Result "0-1"]
[WhiteElo "1896"]
[BlackElo "2371"]
[TimeControl "180+1"]
[EndTime "10:09:25 PST"]
[Termination "Darius321 won by resignation"]

1. e4 e5 2. Nf3 Nc6 3. d4 exd4 4.
Nxd4 Bb4+ 5. c3 Bc5 6. Be3 Bb6 7. Na3 Nf6 8. f3 O-O 9. Qd2 d5 10. Bd3 dxe4 11. fxe4 Nxd4 12. cxd4 Bxd4 13. Bxd4 Qxd4 14. O-O-O Be6 15. Kb1 Nxe4 16. Qe2 f5 17. Rhe1 Rad8 18.
Bxe4 Qxe4+ 19. Qxe4 fxe4 20. Rxd8 Rxd8 21. Nb5 Rd2 22.
Nc3 Rxg2 23. Nxe4 Bf5 24. Kc1 Bxe4 25. Rxe4 Rxh2 26. Re7 Rh6 27. Rxc7 Rc6+ 28. Rxc6 bxc6 29. Kd2 h5 30. Ke3 h4 31. Kf4 g5+ 0-1

[Event "Early-Titled-Tuesday-Blitz-January-30-2024"]
[Site "Chess.com"]
[Date "2024.01.30"]
[Round "11"]
[White "JeFumeDesClopes"]
[Black "Evgeny81"]
[Result "1-0"]
[WhiteElo "2603"]
[BlackElo "2708"]
[TimeControl "180+1"]
[EndTime "10:09:26 PST"]
[Termination "JeFumeDesClopes won by resignation"]

1. c4 f5 2. g3 Nf6 3. Bg2 e5 4. Nc3 d6 5. e3 Be7 6. Nge2 O-O 7. d4 Nc6 8. b3 Kh8 9. Bb2 Qe8 10. Nd5 Bd8 11. Qc2 a5 12. a3 e4 13. Nxf6 Bxf6 14.
h4 Nd8 15. g4 fxg4 16. Bxe4 Qh5 17. Ng3 Qh6 18. O-O-O c6 19. Kb1 a4 20. b4 Be6 21.
Nf5 Bxf5 22. Bxf5 c5 23. b5 cxd4 24. exd4 Rc8 25. Bxc8 1-0

[Event "Early-Titled-Tuesday-Blitz-January-30-2024"]
[Site "Chess.com"]
[Date "2024.01.30"]
[Round "11"]
[White "Kostya0705"]
[Black "baki83"]
[Result "0-1"]
[WhiteElo "2611"]
[BlackElo "2804"]
[TimeControl "180+1"]
[EndTime "10:09:39 PST"]
[Termination "baki83 won by resignation"]

1. e4 c5 2. Nf3 Nc6 3. Nc3 d6 4.
d4 cxd4 5. Nxd4 Nf6 6. Bg5 e6 7. Qd2 a6 8. O-O-O Bd7 9. f4 Be7 10. Bxf6 Bxf6 11. Nxc6 Bxc6 12. Kb1 O-O 13. Bd3 Qb6 14.
g4 Bd4 15. Rde1 Qb4 16. a3 Bxc3 17. Qxc3 Qxc3 18. bxc3 Rfc8 19. Re3 h6 20. Rg1 Kf8 21. h4 Ke7 22. g5 hxg5 23. Rxg5 g6 24. f5 gxf5 25.
exf5 e5 26. h5 Kf6 27. Reg3 Bf3 28. Kc1 e4 29. Kd2 exd3 30. h6 Rh8 31. h7 Rxh7 0-1

[Event "Early-Titled-Tuesday-Blitz-January-30-2024"]
[Site "Chess.com"]
[Date "2024.01.30"]
[Round "11"]
[White "DvaHrasta"]
[Black "Alen_Yeremyann"]
[Result "1/2-1/2"]
[WhiteElo "2554"]
[BlackElo "2721"]
[TimeControl "180+1"]
[EndTime "10:09:39 PST"]
[Termination "Game drawn by repetition"]

1. c4 Nf6 2. g3 g6 3. Bg2 Bg7 4. Nc3 O-O 5. Nf3 c6 6. O-O d5 7.
cxd5 cxd5 8. d4 Nc6 9. Ne5 Bf5 10.
f4 Ne4 11. e3 Rc8 12. Qb3 Nxc3 13. bxc3 Na5 14. Qxd5 Rxc3 15. Bd2 Qxd5 16. Bxd5 Ra3 17.
Bb4 Ra4 18. Bxe7 Rc8 19. Bxf7+ Kh8 20. g4 Be4 21. Rfc1 Nc6 22. Nxc6 bxc6 23. Bc5 Rb8 24. Bb3 Ra5 25. Kf2 Bf6 26. g5 Bg7 27. h4 h5 28. Rc3 Rbb5 29. Rac1 Kh7 30. Rc4 Rb8 31. Rb4 Rxc5 32. Rxb8 Rxc1 33. Rb7 Kh8 34. Rxa7 c5 35. Rc7 Bf8 36. Rc8 Kg7 37. Rc7+ Kh8 38. Rc8 Kg7 39. Rc7+ Kh8 1/2-1/2

[Event "Early-Titled-Tuesday-Blitz-January-30-2024"]
[Site "Chess.com"]
[Date "2024.01.30"]
[Round "11"]
[White "SharapovEvgeny"]
[Black "topce"]
[Result "1-0"]
[WhiteElo "2560"]
[BlackElo "2404"]
[TimeControl "180+1"]
[EndTime "10:09:40 PST"]
[Termination "SharapovEvgeny won on time"]

1. e4 e6 2. d4 d5 3. Nc3 Nf6 4. e5 Nfd7 5. f4 c5 6. Nf3 Nc6 7. Be3 a6 8. Qd2 b5 9. Nd1 cxd4 10.
Nxd4 Nxd4 11. Bxd4 Bb7 12. Bd3 Nc5 13. O-O Ne4 14.
Qe3 Qc7 15. Nf2 Nxf2 16. Rxf2 Rc8 17. f5 Bc5 18. c3 b4 19. fxe6 fxe6 20. Raf1 bxc3 21.
bxc3 Bxd4 22. cxd4 Qe7 23. Qh3 Rc3 24. Bg6+ Kd8 25.
Qxc3 hxg6 26. Rf7 Rxh2 27. Rxe7 Rxg2+ 28. Kxg2 1-0

[Event "Early-Titled-Tuesday-Blitz-January-30-2024"]
[Site "Chess.com"]
[Date "2024.01.30"]
[Round "11"]
[White "oogee"]
[Black "mary-sanna"]
[Result "0-1"]
[WhiteElo "2300"]
[BlackElo "2201"]
[TimeControl "180+1"]
[EndTime "10:09:51 PST"]
[Termination "mary-sanna won by checkmate"]

1. d4 d5 2. c4 e6 3. Nc3 Nf6 4. Bg5 Be7 5. e3 O-O 6. Qc2 h6 7. Bh4 c5 8. Nge2 Nc6 9. Rd1 Nb4 10. Qb3 dxc4 11. Qxc4 Nc2+ 12. Kd2 Nb4 13. Kc1 Qa5 14. Kb1 Rd8 15. Nc1 cxd4 16. Nb3 Qh5 17. Rxd4 Rxd4 18. Qxd4 Nc6 19. Qa4 Bd7 20. Be2 Qg6+ 21. Ka1 Nb4 22. Qa5 Nc2+ 23. Kb1 Na3+ 24. Ka1 Qb1+ 25. Nxb1 Nc2# 0-1

[Event "Early-Titled-Tuesday-Blitz-January-30-2024"]
[Site "Chess.com"]
[Date "2024.01.30"]
[Round "11"]
[White "whitemirrorninja"]
[Black "Louis-Paulsen-Fan"]
[Result "0-1"]
[WhiteElo "2450"]
[BlackElo "2295"]
[TimeControl "180+1"]
[EndTime "10:09:53 PST"]
[Termination "Louis-Paulsen-Fan won by resignation"]

1. d4 d5 2. Nf3 e6 3. Bg5 Be7 4. h4 c5 5. e3 Nc6 6. c3 Nf6 7. Nbd2 Ne4 8. Bxe7 Qxe7 9. Bd3 f5 10. dxc5 Qxc5 11. Nb3 Qe7 12. Nbd4 O-O 13. Nxc6 bxc6 14. Ne5 c5 15. Bxe4 fxe4 16. f4 exf3 17. gxf3 Qf6 18.
f4 Qf5 19. Qd2 Ba6 20. Kf2 Rad8 21. Nf3 Bb7 22. Rhg1 d4 23. cxd4 cxd4 24. Nxd4 Qe4 25. Rg3 e5 26. Rag1 exd4 27. Rxg7+ Kh8 28. Rxb7 dxe3+ 29. Qxe3 Rxf4+ 30. Ke2 Qc2+ 31. Qd2 0-1

[Event "Early-Titled-Tuesday-Blitz-January-30-2024"]
[Site "Chess.com"]
[Date "2024.01.30"]
[Round "11"]
[White "claudyna16"]
[Black "FM_VS99"]
[Result "0-1"]
[WhiteElo "2406"]
[BlackElo "2564"]
[TimeControl "180+1"]
[EndTime "10:09:56 PST"]
[Termination "FM_VS99 won by resignation"]

1. c4 Nf6 2. g3 d5 3. cxd5 Nxd5 4. Bg2 e5 5. Nc3 Nb6 6. e3 Nc6 7. Nge2 Qd3 8. O-O Bf5 9. f4 O-O-O 10. fxe5 Nxe5 11.
Nd4 Bg6 12. Rf2 Rxd4 13. Bf1 Qxe3 14. dxe3 Rxd1 15. Nxd1 Bc5 16. Rc2 Bxc2 17. Nf2 Rd8 18. b3 f6 19. a3 Nd5 20. b4 Bxe3 21. Bxe3 Nxe3 22. Bh3+ Kb8 23. Re1 Nf3+ 0-1

[Event "Early-Titled-Tuesday-Blitz-January-30-2024"]
[Site "Chess.com"]
[Date "2024.01.30"]
[Round "11"]
[White "Noki102"]
[Black "ChessSkool"]
[Result "0-1"]
[WhiteElo "2529"]
[BlackElo "2709"]
[TimeControl "180+1"]
[EndTime "10:09:59 PST"]
[Termination "ChessSkool won by resignation"]

1. d4 d5 2. Nf3 Nf6 3. Bf4 c5 4. e3 cxd4 5. exd4 Nc6 6. c3 Bf5 7. Bd3 Bxd3 8. Qxd3 e6 9. O-O Bd6 10. Bxd6 Qxd6 11. Nbd2 O-O 12. Rfe1 b5 13. a4 b4 14. c4 dxc4 15. Nxc4 Qd7 16. Nce5 Nxe5 17. Nxe5 Qd5 18.
Qb5 Qxd4 19. Nc6 Qxb2 20. Rab1 Qd2 21. Red1 Qh6 22. Rxb4 Nd5 23. Rg4 Nc3 24. Qc4 Nxd1 25. Rh4 Qf6 26. Qe4 Qxf2+ 0-1

[Event "Early-Titled-Tuesday-Blitz-January-30-2024"]
[Site "Chess.com"]
[Date "2024.01.30"]
[Round "11"]
[White "Iball95"]
[Black "dennisodessa"]
[Result "1-0"]
[WhiteElo "2783"]
[BlackElo "2613"]
[TimeControl "180+1"]
[EndTime "10:10:01 PST"]
[Termination "Iball95 won by resignation"]

1. e4 e6 2. d4 d5 3. Nc3 Bb4 4. exd5 exd5 5. Bd3 Nf6 6. Nf3 O-O 7. O-O Bg4 8. h3 Bh5 9. Bg5 c6 10. Re1 Nbd7 11. g4 Bg6 12. Ne5 Bxd3 13. Qxd3 Be7 14. Re2 Re8 15. Rae1 Nxe5 16. Rxe5 Qd7 17. Qe2 Bd6 18.
Rxe8+ Rxe8 19. Qd1 Rxe1+ 20. Qxe1 Nxg4 21. Qe2 Nh2 22. Kg2 h6 23. Bh4 g5 24. Bg3 Qc7 25. Kxh2 1-0

[Event "Early-Titled-Tuesday-Blitz-January-30-2024"]
[Site "Chess.com"]
[Date "2024.01.30"]
[Round "11"]
[White "AlexTruskavetsky"]
[Black "RichardLeyvaP"]
[Result "1-0"]
[WhiteElo "2705"]
[BlackElo "2548"]
[TimeControl "180+1"]
[EndTime "10:10:07 PST"]
[Termination "AlexTruskavetsky won on time"]

1. e4 e5 2. Nc3 Nf6 3. f4 d5 4. fxe5 Nxe4 5. Qf3 Nxc3 6. bxc3 Be6 7. d4 Nc6 8. Bd3 Qd7 9. Ne2 Be7 10. O-O O-O-O 11.
Nf4 Na5 12. Nxe6 fxe6 13. Qg3 g6 14. Rd1 Rdf8 15. Bh6 Rf7 16. Rf1 Bf8 17. Bg5 Ba3 18. Rxf7 Qxf7 19. Rf1 Qd7 20. Qh3 Bb2 21. Be2 b6 22.
Bg4 Kb7 23. Bxe6 Qc6 24. Rf3 Qc4 25. Rd3 Qxa2 26. Qf3 c6 27. Bd7 Qb1+ 28. Qd1 Qxd1+ 29.
Rxd1 Bxc3 30. e6 1-0

[Event "Early-Titled-Tuesday-Blitz-January-30-2024"]
[Site "Chess.com"]
[Date "2024.01.30"]
[Round "11"]
[White "stepanosinovsky"]
[Black "Kunalm64"]
[Result "0-1"]
[WhiteElo "2399"]
[BlackElo "2559"]
[TimeControl "180+1"]
[EndTime "10:10:07 PST"]
[Termination "Kunalm64 won on time"]

1. e4 c6 2. d3 d5 3. Nd2 g6 4.
Ngf3 Bg7 5. g3 e5 6. Bg2 Ne7 7. O-O O-O 8. Re1 d4 9. a4 a5 10. Nc4 b5 11. Ncxe5 f6 12. Nxc6 Nexc6 13. axb5 Ne5 14. c4 dxc3 15. Qb3+ Kh8 16. bxc3 Nxd3 17.
Rd1 Nxc1 18. Raxc1 Qb6 19. c4 Nd7 20. Rd5 Ne5 21.
c5 a4 22. Qb1 Qa5 23. Nd4 a3 24. Qa2 Nd3 25. Nc6 Nxc1 26. Qc4 Qe1+ 27. Bf1 a2 0-1

[Event "Early-Titled-Tuesday-Blitz-January-30-2024"]
[Site "Chess.com"]
[Date "2024.01.30"]
[Round "11"]
[White "FREDERICKtheMATE"]
[Black "Shodikulov_Jamshid1990"]
[Result "1-0"]
[WhiteElo "2591"]
[BlackElo "2423"]
[TimeControl "180+1"]
[EndTime "10:10:08 PST"]
[Termination "FREDERICKtheMATE won by resignation"]

1. Nf3 Nf6 2. c4 c5 3. g3 b6 4. Bg2 Bb7 5. O-O e6 6. b3 Be7 7. Bb2 O-O 8. Nc3 d6 9. d4 cxd4 10. Nxd4 Bxg2 11. Kxg2 Qc8 12. e4 Qb7 13. Qf3 Nbd7 14.
Rad1 Ne5 15. Qe2 a6 16. a4 Rac8 17. f4 Ned7 18. Rfe1 Rfe8 19. Qf3 Nc5 20. e5 Qxf3+ 21. Kxf3 dxe5 22. fxe5 Nfd7 23. b4 Nb7 24. Nxe6 Nxe5+ 25. Rxe5 fxe6 26. Rxe6 Rxc4 27. Rd7 Kf7 28. Rxb6 Nd8 29.
Nd5 Rc2 30. Be5 Rxh2 31. Bd6 Ke6 32. Rxe7+ Rxe7 33. Bxe7+ Kxd5 34. Bxd8 Rb2 35. a5 g6 36.
Be7 Ke5 37. Rxa6 Rb3+ 38. Kg2 Kf5 39. Rf6+ Ke5 40. a6 1-0

[Event "Early-Titled-Tuesday-Blitz-January-30-2024"]
[Site "Chess.com"]
[Date "2024.01.30"]
[Round "11"]
[White "CristianS27"]
[Black "Matols"]
[Result "1-0"]
[WhiteElo "2562"]
[BlackElo "2404"]
[TimeControl "180+1"]
[EndTime "10:10:08 PST"]
[Termination "CristianS27 won by resignation"]

1. e4 c6 2. d4 d5 3. exd5 cxd5 4. c4 Nf6 5. Nc3 Nc6 6. Bg5 Be6 7. Be2 g6 8. Bf3 Ne4 9. Bxe4 dxe4 10. d5 Qa5 11.
dxe6 Rd8 12. Bd2 e3 13. exf7+ Kxf7 14. Qf3+ Kg8 15. Bxe3 Bg7 16. Ne2 Ne5 17. Qxb7 Nd3+ 18. Kf1 Qf5 19. Qxe7 Bf6 20. Qe4 Nxb2 21. Qxf5 gxf5 22.
c5 Na4 23. Rc1 Nxc3 24. Nxc3 Bxc3 25. Rxc3 Rd1+ 26. Ke2 Rxh1 27. Bd4 Rxh2 28. Rg3+ Kf7 29. Bxh8 1-0

[Event "Early-Titled-Tuesday-Blitz-January-30-2024"]
[Site "Chess.com"]
[Date "2024.01.30"]
[Round "11"]
[White "margarita_2703"]
[Black "Actuary44"]
[Result "1-0"]
[WhiteElo "2362"]
[BlackElo "2467"]
[TimeControl "180+1"]
[EndTime "10:10:08 PST"]
[Termination "margarita_2703 won by resignation"]

1. e4 b6 2. d4 Bb7 3. Bd3 e6 4. Nf3 Nf6 5. Qe2 d5 6. e5 Nfd7 7. O-O c5 8. c3 Nc6 9. a3 Qc7 10.
b4 c4 11. Bc2 O-O-O 12. a4 h6 13.
Na3 Re8 14. Nb5 Qb8 15. Nd2 a6 16. Na3 Nd8 17. f4 f5 18. exf6 gxf6 19. Nf3 Rg8 20. Re1 Bd6 21. Kh1 Bxf4 22. b5 a5 23. Nxc4 dxc4 24.
Qxc4+ Qc7 25. Qe2 Bxc1 26. Raxc1 Kb8 27. c4 Qf4 28. Be4 Bxe4 29. Qxe4 Qxe4 30. Rxe4 e5 31. Rce1 Ne6 32. dxe5 Nec5 33. R4e2 Nxe5 34. Nxe5 Rxe5 35.
Rxe5 fxe5 36. Rxe5 Nxa4 37. Re6 Rc8 38. Rxh6 Rxc4 39.
h4 Kb7 40. Rh7+ Rc7 41. Rxc7+ Kxc7 42. h5 Nc5 43. h6 a4 44. h7 a3 45. h8=Q Kd6 46.
Qb8+ Kd5 47. Qxb6 Kc4 48. Qa5 Kb3 49. b6 a2 50. Qb5+ Ka3 51. Qxc5+ 1-0

[Event "Early-Titled-Tuesday-Blitz-January-30-2024"]
[Site "Chess.com"]
[Date "2024.01.30"]
[Round "11"]
[White "PawnEatingZombie"]
[Black "Ati1517"]
[Result "0-1"]
[WhiteElo "2149"]
[BlackElo "2243"]
[TimeControl "180+1"]
[EndTime "10:10:09 PST"]
[Termination "Ati1517 won by resignation"]

1. e4 c5 2. c3 d5 3. exd5 Qxd5 4. d4 Nf6 5. Nf3 Bg4 6. dxc5 Qxd1+ 7. Kxd1 e5 8. b4 e4 9. h3 Bh5 10. g4 Nxg4 11.
hxg4 Bxg4 12. Be2 exf3 13. Bc4 Nc6 14. Re1+ Be7 15. Bf4 O-O-O+ 16. Kc2 Bf6 17. Nd2 g5 18. Bd6 Rhe8 19. Bxf7 Re2 20. Rxe2 fxe2 21. f3 Bf5+ 22. Kb3 Ne5 23. Bc4 Nxc4 24. Kxc4 Re8 25. Re1 g4 26.
fxg4 Bh4 0-1

[Event "Early-Titled-Tuesday-Blitz-January-30-2024"]
[Site "Chess.com"]
[Date "2024.01.30"]
[Round "11"]
[White "MikaelyanArman"]
[Black "AlexeiShirov"]
[Result "1-0"]
[WhiteElo "2860"]
[BlackElo "2756"]
[TimeControl "180+1"]
[EndTime "10:10:11 PST"]
[Termination "MikaelyanArman won by resignation"]

1. d4 d5 2. c4 c6 3. Nc3 Nf6 4. cxd5 cxd5 5. Bf4 Nc6 6. e3 Bf5 7. Nf3 e6 8. Qb3 Bb4 9. Ne5 Bxc3+ 10. bxc3 O-O 11.
Be2 Nxe5 12. Bxe5 b6 13. O-O Ne4 14. Rad1 Rc8 15. c4 dxc4 16. Bxc4 Nd6 17. Bd3 Qd7 18.
Rc1 Bxd3 19. Qxd3 Rxc1 20. Rxc1 Rc8 21. Rxc8+ Nxc8 22. Qc4 Ne7 23. h4 f6 24. Bf4 Kf7 25. Kh2 Qc6 26. Qd3 Nf5 27. f3 Nh6 28. Bxh6 1-0

[Event "Early-Titled-Tuesday-Blitz-January-30-2024"]
[Site "Chess.com"]
[Date "2024.01.30"]
[Round "11"]
[White "Shield12"]
[Black "Szparu"]
[Result "0-1"]
[WhiteElo "2967"]
[BlackElo "2777"]
[TimeControl "180+1"]
[EndTime "10:10:12 PST"]
[Termination "Szparu won by resignation"]

1. e4 e6 2. Nf3 d5 3. exd5 exd5 4. d4 Nf6 5. Bd3 c5 6. O-O c4 7. Re1+ Be7 8. Bf1 O-O 9. b3 cxb3 10. axb3 Nc6 11.
c3 Bf5 12. Na3 h6 13. Bd3 Ne4 14. Bb2 Bd6 15. Nc2 Bh7 16. Ne3 Re8 17. Nxd5 Bxh2+ 18. Nxh2 Qxd5 19. c4 Qd6 20. d5 Nb4 21. Bb1 Nxf2 22.
Rxe8+ Rxe8 23. Qd4 Nh3+ 24. Kf1 f6 25. Bxh7+ Kxh7 26. Ng4 Qg3 27. gxh3 Qxh3+ 28. Kf2 Nd3+ 29. Kg1 Re2 0-1

[Event "Early-Titled-Tuesday-Blitz-January-30-2024"]
[Site "Chess.com"]
[Date "2024.01.30"]
[Round "11"]
[White "Casper"]
[Black "GoValya"]
[Result "1-0"]
[WhiteElo "2508"]
[BlackElo "2314"]
[TimeControl "180+1"]
[EndTime "10:10:13 PST"]
[Termination "Casper won on time"]

1. Nf3 g6 2. e4 Bg7 3. d4 e6 4. Be3 Ne7 5. Qd2 d5 6. Nc3 dxe4 7. Nxe4 Nf5 8. O-O-O Nxe3 9. Qxe3 c6 10. Qa3 Bf8 11.
Qc3 Bg7 12. Qc5 Na6 13. Nd6+ Kf8 14. Bxa6 b6 15. Qa3 Bxa6 16. Ne4+ Kg8 17. Qxa6 h6 18. Ne5 Qd5 19. Rhe1 Kh7 20. Nxf7 Rhf8 21. Qb7 Rab8 22. Nf6+ Bxf6 23. Ng5+ 1-0